 Dungeon Crawl Stone Soup version 0.29.1-15-g9cfb28693d (webtiles) character file.

Game seed: 7569044278109565498

16 H0rd4k the Charlatan (level 2, 0/21 HPs)
             Began as a Human Artificer on Apr 21, 2023.
             Slain by a quokka (1 damage)
             ... on level 1 of the Dungeon.
             The game lasted 00:01:44 (1201 turns).

H0rd4k the Charlatan (Human Artificer)              Turns: 1201, Time: 00:01:45

Health: 0/21       AC:  5    Str: 15    XL:     2   Next: 75%
Magic:  2/2        EV: 11    Int: 11    God:
Gold:   38         SH:  0    Dex: 13    Spells: 1/1 levels left

rFire   . . .      SeeInvis .   a - +0 club
rCold   . . .      Faith    .   (no shield)
rNeg    . . .      Spirit   .   b - +0 leather armour
rPois   .          Reflect  .   (no helmet)
rElec   .          Harm     .   (no cloak)
rCorr   .          Rampage  .   i - +1 pair of gloves {Str+3}
Will    .....                   (no boots)
Stlth   +.........              (no amulet)
HPRegen 0.07/turn               (no ring)
MPRegen 0.08/turn               (no ring)

@: no status effects
A: no striking features
a: no special abilities


You were on level 1 of the Dungeon.
You visited 1 branch of the dungeon, and saw 1 of its levels.

You collected 38 gold pieces.

Inventory:

Hand Weapons
 a - a +0 club (weapon)
Armour
 b - a +0 leather armour (worn)
 i - a +1 pair of gloves of strength (worn)
Wands
 c - a wand of flame (15) (quivered)
 d - a wand of charming (8)
 e - a wand of iceblast (5)
Scrolls
 f - a scroll of acquirement {unknown}
 g - a scroll of teleportation {unknown}
 h - a scroll of identify {unknown}


   Skills:
 + Level 1.1 Fighting
 + Level 0.2 Maces & Flails
 - Level 2.0 Armour
 + Level 1.2 Dodging
 + Level 1.0 Stealth
 + Level 3.6 Evocations


You had one spell level left.
You didn't know any spells.
Your spell library was empty.

Dungeon Overview and Level Annotations

Branches:
Dungeon (1/15)

Altars:


Message History

The jackal bites you but does no damage.
The endoplasm hits you but does no damage.
The jackal bites you but does no damage.
Aiming: Charm
Press: ? - help, Shift-Dir - straight line, f/p - endoplasm
Aim: an endoplasm (chance to affect: 74%)
The endoplasm is charmed.
The ball python bites you but does no damage.
The ball python grabs you. The ball python constricts you.
The jackal bites you.
* * * LOW HITPOINT WARNING * * *
The ball python bites you but does no damage.
The ball python constricts you.
Aiming: Charm
Press: ? - help, Shift-Dir - straight line, f - ball python, p - endoplasm
Aim: a ball python (constricting you, chance to affect: 74%)
The ball python is charmed.
Your ball python releases its grip on you.
The jackal bites you but does no damage.
The quokka barely misses your ball python.
Unknown command.
Saving game... please wait.
Welcome back, H0rd4k the Human Artificer.
Press ? for a list of commands and other information.
Aiming: Charm
Press: ? - help, Shift-Dir - straight line, f - jackal
Aim: a jackal (heavily wounded, chance to affect: 74%)
The jackal is charmed.
The quokka bites your ball python.
Your ball python dies!
Unknown command.
What are your orders? t - Shout!
Orders for allies: a - Attack new target. p - Attack previous target. r - Retreat! s - Stop attacking. g - Guard the area. f - Follow me.
Anything else - Cancel.
Guard this area!
Your jackal closely misses the quokka.
Your endoplasm freezes the quokka.
The quokka is frozen.
The quokka bites you.
You die...

#......# ........ #....... .
#.....## .. #..>..#. ...
#######.....#. ....##
###...).......#. ##?...#
####...#####.....#.
.......##J@..### ##.#..##
#...†.hr.## #.....#<
.......#....##### #.#...#.
.................. #.....##
.......###........###..#..P.
#......###........#.......P.
#.................#.......P.
..................#.......PP
.......#.#...........##.....


You could see a quokka (ally target), a friendly endoplasm (charmed) and a
friendly jackal (charmed).

Vanquished Creatures
  2 ball pythons (D:1)
  3 endoplasms (D:1)
  2 goblins (D:1)
  A jackal (D:1)
  A quokka (D:1)
  2 frilled lizards (D:1)
  A kobold (D:1)
  A rat (D:1)
13 creatures vanquished.

Vanquished Creatures (collateral kills)
  A giant cockroach (D:1)
1 creature vanquished.

Vanquished Creatures (others)
  A jackal (D:1)
  A ball python (D:1)
2 creatures vanquished.

Grand Total: 16 creatures vanquished

Notes
Turn   | Place    | Note
-------+----------+-------------------------------------------
     0 | D:1      | H0rd4k the Human Artificer began the quest for the Orb.
     0 | D:1      | Reached XP level 1. HP: 15/15 MP: 1/1
   441 | D:1      | Reached XP level 2. HP: 16/21 MP: 2/2
  1198 | D:1      | HP: 1/21 [jackal (2)]
  1201 | D:1      | Slain by a quokka

Illustrated notes

Levels and vault maps discovered:
D:1:      evilmike_arrival_home_sweet_home, layout_rooms,
          hellmonk_ecumenical_altar_prayer_group, feat_on_display

Action                   || total
-------------------------++-------
Melee: Club              ||    76
Evoke: Wand              ||     7
 Stab: Sleeping          ||     1
Armor: Leather armour    ||    26
Dodge: Dodged            ||    65
